Map: Radhuset Station LE

Players

FireBat

  • Race: Protoss Protoss
  • Spawn Location: 1:00

Subwayeatn - Winner!

  • Race: Zerg Zerg
  • League: Platinum
  • Spawn Location: 7:00

VOD

Have the link to the VOD?

Description

Time

  • Played on: Nov. 13, 2023, 8:30 p.m.
  • Length: 13:16
Show
View Real Time Build Order
Export as new Build Order

FireBat Protoss 

Build Orders: 1 Gate Expand 

Get SALT Encoding   

  12  0:00  Probe (Chrono Boost)  
  13  0:10  Probe (Chrono Boost)  
  14  0:25  Pylon  
  14  0:36  Probe  
  15  0:44  Assimilator  
  15  0:48  Gateway, Probe  
  16  1:00  Probe (Chrono Boost)  
  17  1:12  Probe (Chrono Boost)  
  18  1:22  Nexus  
  18  1:24  Probe (Chrono Boost)  
  19  1:35  Probe  
  20  1:47  Pylon, Probe  
  20  1:51  Assimilator  
  20  1:53  Zealot  
  23  2:06  Cybernetics Core  
  23  2:12  Probe (Chrono Boost)  
  23  2:22  Probe (Chrono Boost)  
  24  2:27  Probe (Chrono Boost)  
  24  2:29  Zealot  
  27  2:35  Probe (Chrono Boost)  
  28  2:43  Gateway  
  30  2:44  Probe (Chrono Boost)  
  30  2:45  Probe (Chrono Boost)  
  30  2:49  Warp Gate (Chrono Boost)  
  30  2:50  Probe x2 (Chrono Boost)  
  32  3:01  Twilight Council  
  32  3:04  Pylon  
  32  3:10  Adept  
  35  3:14  Probe (Chrono Boost)  
  35  3:17  Probe (Chrono Boost)  
  36  3:24  Probe (Chrono Boost)  
  38  3:27  Probe (Chrono Boost)  
  38  3:29  Probe (Chrono Boost)  
  39  3:34  Adept  
  39  3:37  Probe, Charge  
  39  3:40  Probe  
  43  3:43  Templar Archives  
  43  3:46  Pylon  
  43  3:51  Adept  
  45  4:07  Gateway  
  45  4:09  Gateway x2  
  45  4:10  Probe  
  45  4:11  Probe  
  47  4:22  Probe  
  47  4:23  Probe  
  49  4:28  Assimilator  
  49  4:32  Assimilator  
  49  4:34  Stalker x2  
  49  4:35  Probe x2  
  55  4:47  Probe x2  
  55  4:48  Psionic Storm  
  57  4:54  Robotics Facility  
  57  4:59  Gateway  
  57  5:02  Gateway  
  57  5:08  Stalker x2  
  61  5:21  Probe  
  62  5:38  Pylon  
  62  5:42  Pylon  
  62  5:50  Pylon  
  63  5:59  High Templar x2  
  63  6:00  Observer, High Templar  
  69  6:10  Zealot  
  69  6:11  Zealot x3  
  77  6:20  Warp Prism  
  79  6:25  Probe  
  79  6:26  Probe  
  81  6:39  Nexus  
  81  6:44  Probe  
  81  6:45  Probe  
  83  6:53  High Templar  
  85  6:57  Probe  
  85  6:59  Pylon  
  86  7:01  Pylon  
  86  7:08  Pylon  
  86  7:09  Forge  
  86  7:12  Pylon  
  86  7:17  Probe  
  86  7:20  Forge  
  86  7:37  Probe x2  
  88  7:44  Protoss Ground Weapons Level 1  
  88  7:49  Probe x2  
  91  7:54  Observer  
  91  7:55  Protoss Ground Armor Level 1  
  91  8:01  Zealot  
  91  8:02  Zealot x6  
  105  8:20  Probe x2  
  105  8:21  Probe  
  108  8:28  Pylon  
  108  8:32  Probe  
  108  8:33  Pylon, Probe  
  110  8:35  Pylon  
  110  8:38  Immortal  
  114  8:50  Probe x3  
  117  8:59  High Templar x5  
  117  9:00  High Templar x2  
  117  9:02  Probe  
  132  9:03  Archon x3  
  132  9:25  Immortal  
  136  9:35  Zealot  
  136  9:36  Zealot x4  
  136  9:37  Zealot x2  
  151  10:07  Observer  
  151  10:32  Assimilator  
  151  10:34  Assimilator  
  152  10:38  Observer  
  152  10:40  Zealot x2  
  156  10:47  Pylon  
  156  10:50  Pylon  
  156  10:54  Pylon  
  156  10:57  Pylon  
  156  11:02  Nexus  
  157  11:14  Observer  
  89  12:01  Zealot  
  89  12:02  Zealot x6  
  67  12:36  Zealot x7  
  85  12:58  High Templar x3  
  88  12:59  High Templar  
  88  13:00  High Templar  
  88  13:01  High Templar  
  88  13:02  Zealot  
  96  13:07  Archon x3  
Show
View Real Time Build Order
Export as new Build Order

Subwayeatn Zerg - Winner!

Build Orders: Hatch First, Lurkers 

Get SALT Encoding   

  12  0:02  Drone  
  13  0:12  Overlord  
  13  0:21  Drone  
  14  0:31  Drone x2  
  16  0:51  Hatchery  
  16  0:57  Drone x2  
  16  1:00  Drone  
  16  1:04  Extractor  
  17  1:17  Spawning Pool  
  16  1:21  Drone  
  16  1:24  Drone  
  18  1:30  Drone  
  19  1:41  Overlord  
  19  2:04  Zergling x2  
  20  2:09  Queen x2  
  20  2:12  Zergling x2  
  20  2:15  Metabolic Boost  
  25  2:22  Drone x3  
  28  2:29  Drone x2  
  30  2:53  Hatchery  
  30  2:58  Queen  
  31  3:03  Drone x2  
  31  3:05  Drone  
  34  3:10  Drone x2  
  36  3:15  Overlord  
  36  3:33  Overlord  
  36  3:38  Drone x6  
  42  3:44  Extractor x2  
  42  3:46  Lair  
  40  3:55  Drone x2  
  40  3:57  Drone  
  40  4:00  Drone x3  
  46  4:08  Spore Crawler  
  46  4:09  Spore Crawler  
  44  4:14  Spore Crawler  
  44  4:16  Spore Crawler  
  42  4:17  Drone x2  
  42  4:19  Drone x2  
  46  4:35  Queen  
  46  4:37  Spore Crawler x2  
  46  4:43  Drone x4  
  46  4:44  Drone  
  51  4:51  Overlord  
  51  4:55  Pneumatized Carapace  
  51  5:01  Drone  
  51  5:03  Drone x2  
  51  5:04  Drone, Hydralisk Den  
  54  5:07  Extractor  
  54  5:13  Overlord  
  53  5:17  Overlord  
  53  5:19  Overlord  
  53  5:25  Drone  
  53  5:26  Drone  
  55  5:38  Queen x2  
  55  5:39  Queen  
  61  5:43  Overlord  
  61  5:46  Grooved Spines  
  61  5:57  Drone x8  
  68  6:03  Drone  
  68  6:04  Drone  
  70  6:08  Evolution Chamber  
  70  6:10  Evolution Chamber  
  68  6:27  Drone x13  
  68  6:28  Drone  
  82  6:36  Zerg Missile Weapons Level 1  
  82  6:38  Zerg Ground Armor Level 1  
  82  6:44  Muscular Augments, Extractor  
  81  6:50  Drone x2, Infestation Pit  
  81  6:51  Lurker Den  
  81  6:56  Drone x3  
  81  6:57  Extractor  
  83  7:02  Hatchery  
  82  7:09  Drone x2  
  82  7:14  Overlord x4  
  84  7:18  Overseer  
  84  7:21  Spore Crawler  
  83  7:23  Overseer  
  83  7:24  Spore Crawler  
  82  7:33  Hydralisk x8  
  98  7:43  Hydralisk x4  
  106  7:58  Hive  
  106  8:05  Hydralisk x6  
  106  8:06  Hydralisk  
  106  8:09  Overlord x3  
  106  8:10  Extractor  
  119  8:17  Queen  
  119  8:18  Overlord  
  119  8:19  Overlord  
  121  8:21  Zergling x2  
  121  8:24  Zergling x2  
  123  8:43  Drone x16  
  139  8:50  Extractor  
  139  8:52  Spine Crawler  
  137  9:01  Lurker  
  137  9:02  Lurker x15  
  152  9:09  Zerg Missile Weapons Level 2, Queen  
  154  9:26  Overseer  
  154  9:30  Hydralisk x5  
  154  9:31  Hydralisk  
  164  9:33  Overlord x2  
  164  9:34  Overlord x5  
  166  9:47  Overlord  
  166  9:50  Drone  
  166  9:52  Drone  
  168  10:02  Viper x4  
  180  10:21  Hydralisk x2, Hatchery  
  180  10:22  Hydralisk x7  
  180  10:24  Extractor  
  180  10:25  Extractor  
  195  10:47  Drone x4  
  199  11:06  Adaptive Talons  
  144  12:02  Hydralisk  
  144  12:03  Seismic Spines, Hydralisk x18  
  144  12:04  Hydralisk x2  
  174  12:19  Hydralisk  
  174  12:20  Hydralisk x4  
  181  12:37  Zergling x20  
  182  12:39  Queen  
  193  12:59  Zergling x2  
Tags
 
Add a new tag
Caveats
  • Supply blocks, unpowered buildings, or Contaminate may cause inaccurate times.
  • Supply counts are checked every 10 seconds.